 Dungeon Crawl Stone Soup version 0.29.1 (webtiles) character file.

Game seed: 12037580468428686631

304 qw the Chopper (level 6, 0/37 HPs)
             Began as a Gargoyle Fighter on Sept 13, 2022.
             Was an Initiate of Okawaru.
             Killed by nerve-wracking pain
             ... invoked by Menkaure
              (4 damage)
             ... on level 4 of the Dungeon.
             The game lasted 00:01:12 (2979 turns).

qw the Chopper (Gargoyle Fighter)                   Turns: 2979, Time: 00:01:13

Health: 0/37       AC: 15    Str: 22    XL:     6   Next: 38%
Magic:  6/6        EV:  8    Int:  8    God:    Okawaru [......]
Gold:   29         SH:  5    Dex: 15    Spells: 5/5 levels left

rFire   . . .      SeeInvis .   Y - +0 war axe
rCold   . . .      Faith    .   c - +0 buckler
rNeg    + . .      Spirit   .   g - +0 chain mail
rPois   inf        Reflect  .   (no helmet)
rElec   +          Harm     .   l - +0 cloak
rCorr   .          Rampage  .   a - +0 pair of gloves
Will    .....                   (no boots)
Stlth   ..........              (no amulet)
HPRegen 0.12/turn               q - +6 ring of dexterity
MPRegen 0.10/turn               (no ring)

@: about to teleport
A: sickness immunity, AC +4, negative energy resistance 1, electricity
resistance, torment resistance 1, petrification resistance
a: Renounce Religion


You were on level 4 of the Dungeon.
You worshipped Okawaru.
Okawaru was noncommittal.
You visited 1 branch of the dungeon, and saw 4 of its levels.

You collected 74 gold pieces.
You spent 45 gold pieces at shops.


Innate Abilities, Weirdness & Mutations

You are immune to sickness and miasma.
Your stone body is resilient. (AC +4)
You are immune to poison.
You resist negative energy. (rN+)
You are resistant to electric shocks. (rElec)
You are resistant to unholy torment.
You are immune to petrification.


   Skills:
 + Level 3.5 Fighting
 - Level 5.1 Axes
 - Level 1.0 Throwing
 - Level 3.2 Armour
 - Level 2.0 Dodging
 - Level 3.2 Shields


You had 5 spell levels left.
You didn't know any spells.
Your spell library was empty.

Inventory:

Hand Weapons
 u - a +0 flail
 Y - a +0 war axe (weapon)
Missiles
 n - a silver javelin (quivered)
Armour
 a - a +0 pair of gloves (worn)
 c - a +0 buckler (worn)
 g - a +0 chain mail (worn)
 l - a +0 cloak (worn)
Jewellery
 q - a +6 ring of dexterity (left hand)
Scrolls
 i - a scroll of identify
Potions
 d - a potion of might
 e - a potion of attraction
 f - 2 potions of haste
 j - a potion of magic {unknown}
 k - a potion of heal wounds {unknown}
 o - a potion of brilliance {unknown}
 p - a potion of ambrosia {unknown}
 s - a potion of cancellation {unknown}

Dungeon Overview and Level Annotations

Branches:
Dungeon (4/15)
 Temple: D:4-7

Altars:
Makhleb
Okawaru

Shops:
D:2 [

Annotations:
D:2 1 runed translucent door, Crazy Yiuf
D:4 Menkaure


Message History

A goblin comes into view. It is wielding a +0 club.
You barely miss the black bear.
The black bear is heavily wounded.
The black bear bites you.
The black bear claws you but does no damage. x2
You hit the black bear.
The black bear is severely wounded.
You hit Menkaure. You hit the goblin.
You kill the goblin!
Okawaru accepts your kill.
The black bear bites you but does no damage.
The black bear claws you but does no damage.
The black bear barely misses you. You block Menkaure's attack.
The black bear bites you but does no damage.
The black bear closely misses you.
The black bear claws you but does no damage.
You block Menkaure's attack.
You slash the black bear!
You kill the black bear!
Okawaru accepts your kill.
You hit Menkaure. You block Menkaure's attack.
Your Dodging skill gained 2 levels and is now at level 2!
You have reached level 6!
You slash Menkaure!
Menkaure is severely damaged.
Menkaure hits you!
You slash Menkaure!
Menkaure is almost destroyed.
Menkaure hits you!
2978 ||| READING scroll of teleportation.
As you read the scroll of teleportation, it crumbles to dust.
You feel strangely unstable.
Menkaure mumbles some strange words.
Menkaure seems to speed up.
You barely miss Menkaure.
Menkaure is almost destroyed.
Menkaure gestures at you while chanting.
Pain shoots through your body!
You die...

######## #...#..
.#### #...#.##
()....########...#..#
#(...)@............#
#.#.#M)##########..#
.#
#.............#..#.#
#######.......#....##
.......>.......
#######.####### ##'##
#...# #...#


You could see Menkaure (fast).

Vanquished Creatures
  2 black bears
  4 adders
  2 worms
  4 dart slugs
  6 orcs
  5 ball pythons
  4 endoplasms
  A giant cockroach (D:2)
  11 hobgoblins
  5 kobolds
  5 quokkas
  11 bats
  3 frilled lizards
  4 goblins
  7 rats
74 creatures vanquished.

Notes
Turn   | Place    | Note
-------+----------+-------------------------------------------
     0 | D:1      | qw the Gargoyle Fighter began the quest for the Orb.
     0 | D:1      | Reached XP level 1. HP: 14/14 MP: 1/1
     0 | D:1      | 0 ||| qw: Version: 0.1-a-119-g272c26d
     0 | D:1      | 0 ||| qw: Game counter: 11228
     0 | D:1      | 0 ||| qw: Always use a shield: true
     0 | D:1      | 0 ||| qw: God list: Okawaru
     0 | D:1      | 0 ||| qw: Allow faded altars: false
     0 | D:1      | 0 ||| qw: Do Orc after D:15 true
     0 | D:1      | 0 ||| qw: Do second Lair branch before Depths: true
     0 | D:1      | 0 ||| qw: Lair rune preference: random
     0 | D:1      | 0 ||| qw: Plans: Normal, Zot, God:TSO, Crypt, Tomb, Pan,
                  | Slime, Hells, Zig, Abyss, Orb
     0 | D:1      | 0 ||| PLANNING D:1-11
   133 | D:1      | Reached skill level 2 in Axes
   154 | D:1      | Reached XP level 2. HP: 15/19 MP: 2/2
   438 | D:1      | 438 ||| DROPPING +0 club.
   628 | D:1      | Reached skill level 3 in Axes
   629 | D:1      | Found a faded altar of an unknown god.
   740 | D:1      | 740 ||| Stepping ~*~*~tactically~*~*~ (hiding).
   752 | D:1      | Reached XP level 3. HP: 23/23 MP: 3/3
   819 | D:1      | 819 ||| DROPPING scarf of harm.
   820 | D:1      | 820 ||| UPGRADING to +0 cloak.
   825 | D:1      | 825 ||| DROPPING ring of magical power.
   826 | D:1      | 826 ||| READING scroll labelled TURCHO FUANUDD.
   827 | D:1      | 827 ||| READING scroll labelled PIALEURIAMM.
   830 | D:1      | 830 ||| READING scroll labelled ITABOXZAKK.
   831 | D:1      | 831 ||| READING scroll labelled KOSEPE HIMAE.
   847 | D:2      | Found a burning altar of Makhleb.
   850 | D:2      | 850 ||| Stepping ~*~*~tactically~*~*~ (stealth).
   861 | D:2      | Found Ulesa's Armour Boutique.
   985 | D:2      | 985 ||| FLEEEEING.
   986 | D:2      | 986 ||| FLEEEEING.
   987 | D:2      | 987 ||| FLEEEEING.
   990 | D:2      | 990 ||| STAIRDANCE
  1053 | D:2      | 1053 ||| BUYING +0 chain mail (45 gold).
  1053 | D:2      | Bought a +0 chain mail for 45 gold pieces
  1053 | D:2      | 1053 ||| SHOPLISTING +0 chain mail of the Lute {-Tele Int+3
                  | Dex+3 SInv} (213 gold, have 1).
  1053 | D:2      | 1053 ||| SHOPLISTING +0 helmet (45 gold, have 1).
  1053 | D:2      | 1053 ||| SHOPLISTING +2 helmet (165 gold, have 1).
  1053 | D:2      | 1053 ||| SHOPLISTING +3 plate armour of fire resistance
                  | (450 gold, have 1).
  1150 | D:2      | Reached skill level 1 in Throwing
  1152 | D:2      | 1152 ||| Stepping ~*~*~tactically~*~*~ (stealth).
  1159 | D:2      | 1159 ||| UPGRADING to +0 pair of gloves.
  1165 | D:2      | 1165 ||| UPGRADING to +0 chain mail.
  1175 | D:2      | 1175 ||| DROPPING +0 scale mail.
  1282 | D:2      | 1282 ||| Stepping ~*~*~tactically~*~*~ (hiding).
  1287 | D:2      | 1287 ||| Stepping ~*~*~tactically~*~*~ (stealth).
  1437 | D:2      | 1437 ||| Stepping ~*~*~tactically~*~*~ (hiding).
  1439 | D:2      | 1439 ||| Stepping ~*~*~tactically~*~*~ (hiding).
  1446 | D:2      | Reached XP level 4. HP: 28/28 MP: 4/4
  1494 | D:2      | 1494 ||| Stepping ~*~*~tactically~*~*~ (stealth).
  1517 | D:2      | 1517 ||| Stepping ~*~*~tactically~*~*~ (stealth).
  1518 | D:2      | 1518 ||| Stepping ~*~*~tactically~*~*~ (stealth).
  1649 | D:2      | Found a runed translucent door.
  1650 | D:2      | Noticed Crazy Yiuf
  1713 | D:2      | 1713 ||| READING 2 scrolls labelled XALEKH USOXISCH.
  1805 | D:3      | 1805 ||| Stepping ~*~*~tactically~*~*~ (hiding).
  2007 | D:3      | 2007 ||| Stepping ~*~*~tactically~*~*~ (stealth).
  2008 | D:3      | 2008 ||| Stepping ~*~*~tactically~*~*~ (stealth).
  2103 | D:3      | Reached skill level 4 in Axes
  2186 | D:3      | 2186 ||| DROPPING +0 whip.
  2213 | D:3      | Noticed a black bear
  2219 | D:3      | Killed a black bear
  2220 | D:3      | Reached skill level 5 in Axes
  2220 | D:3      | Reached XP level 5. HP: 25/32 MP: 5/5
  2430 | D:3      | Found an iron altar of Okawaru.
  2441 | D:3      | 2441 ||| FLEEEEING.
  2442 | D:3      | 2442 ||| FLEEEEING.
  2443 | D:3      | 2443 ||| FLEEEEING.
  2444 | D:3      | 2444 ||| FLEEEEING.
  2445 | D:3      | 2445 ||| FLEEEEING.
  2748 | D:3      | 2748 ||| UPGRADING to +6 ring of dexterity.
  2749 | D:3      | 2749 ||| READING 2 scrolls labelled POTERIATIG.
  2750 | D:3      | 2750 ||| READING scroll labelled MIPI IH GUG.
  2751 | D:3      | 2751 ||| READING 4 scrolls of identify.
  2751 | D:3      | 2751 ||| IDENTIFYING fuming clear potion
  2752 | D:3      | 2752 ||| READING 3 scrolls of identify.
  2752 | D:3      | 2752 ||| IDENTIFYING viscous grey potion
  2753 | D:3      | 2753 ||| READING 2 scrolls of identify.
  2753 | D:3      | 2753 ||| IDENTIFYING lumpy grey potion
  2754 | D:3      | 2754 ||| DROPPING potion of degeneration.
  2755 | D:3      | 2755 ||| DROPPING scroll of magic mapping.
  2786 | D:3      | Became a worshipper of Warmaster Okawaru
  2801 | D:3      | 2801 ||| FLEEEEING.
  2802 | D:3      | 2802 ||| FLEEEEING.
  2803 | D:3      | 2803 ||| FLEEEEING.
  2804 | D:3      | 2804 ||| FLEEEEING.
  2805 | D:3      | 2805 ||| FLEEEEING.
  2806 | D:3      | 2806 ||| FLEEEEING.
  2807 | D:3      | 2807 ||| FLEEEEING.
  2808 | D:3      | 2808 ||| FLEEEEING.
  2967 | D:4      | Noticed a black bear
  2969 | D:4      | Noticed Menkaure
  2975 | D:4      | Killed a black bear
  2976 | D:4      | Reached XP level 6. HP: 34/37 MP: 6/6
  2977 | D:4      | HP: 4/37 [Menkaure (14)]
  2978 | D:4      | 2978 ||| READING scroll of teleportation.
  2979 | D:4      | Killed from afar by Menkaure

Levels and vault maps discovered:
D:1:      elethiomel_arrival_maze, layout_basic,
          hellmonk_ecumenical_altar_lost_god
D:2:      layout_rooms, serial_shops, shop, basic_altar, minmay_misc_feat_doors,
          nicolae_concentric_dashed_squares_wild, uniq_crazy_yiuf_cottage
D:3:      layout_loops_ring, kennysheep_okawaru_gauntlet, grunt_ministairs_10,
          minmay_misc_feat_four_crosses
D:4:      layout_basic, uniq_menkaure, uniq_blork_the_orc, uniq_robin

Skill      XL: |  1  2  3  4  5 |
---------------+----------------+-----
Axes           | 2 3 5 |  5.1
Throwing       | 1 |  1.0
Dodging        | 2 |  2.0
Fighting       | |  3.5
Armour         | |  3.2
Shields        | |  3.2

Action                   |  1- 3 |  4- 6 || total
-------------------------+-------+-------++-------
Melee: War axe           |   114 |    63 ||   177
Throw: Javelin           |    13 |    24 ||    37
  Use: Scroll            |     4 |     7 ||    11
Armor: Scale mail        |    48 |       ||    48
       Chain mail        |    11 |    78 ||    89
Dodge: Dodged            |    45 |    44 ||    89
Block: Buckler           |    21 |    32 ||    53

Table legend:
 A = Non-vault XP
 B = Vault XP
 C = Vault XP percentage of total XP
 D = Non-vault monster count
 E = Vault monster count
 F = Vault count percentage of total count
                 A         B        C        D         E       F
            +---------+---------+-------+---------+---------+-------
      Total |     432 |       3 |   0.7 |      72 |       2 |   2.7
            +---------+---------+-------+---------+---------+-------
        D:1 |      39 |       0 |   0.0 |      23 |       0 |   0.0
        D:2 |      51 |       0 |   0.0 |      21 |       0 |   0.0
        D:3 |     208 |       3 |   1.4 |      23 |       2 |   8.0
        D:4 |     134 |       0 |   0.0 |       5 |       0 |   0.0
            +---------+---------+-------+---------+---------+-------
